 Dungeon Crawl Stone Soup version 0.20.1-1-g8b1a95d (webtiles) character file.

23 Mesmaeker13 the Charmwright (level 2, 0/24 HPs)
             Began as a Draconian Skald on Aug 22, 2017.
             Succumbed to an adder's poison
             ... on level 2 of the Dungeon.
             The game lasted 00:01:07 (1073 turns).

Mesmaeker13 the Charmwright (Draconian Skald)       Turns: 1073, Time: 00:01:08

Health: 0/24       AC:  4    Str: 13    XL:     2   Next: 72%
Magic:  0/5        EV: 12    Int: 13    God:
Gold:   33         SH:  0    Dex: 10    Spells: 2/5 levels left

rFire    . . .     SeeInvis .   a - +0 falchion
rCold    . . .     Gourm    .   (no shield)
rNeg     . . .     Faith    .   (armour unavailable)
rPois    .         Spirit   .   (helmet restricted)
rElec    .         Reflect  .   (no cloak)
rCorr    .         Harm     .   (no gloves)
MR       .....                  (no boots)
Stlth    +.........             (no amulet)
Regen    0.1/turn               (no ring)
MPRegen  0.1/turn               (no ring)

@: lethally poisoned (0 -> -9), very slightly contaminated
A: unfitting armour, cold-blooded, AC +4
a: no special abilities


You were on level 2 of the Dungeon.
You were not hungry.

You visited 1 branch of the dungeon, and saw 2 of its levels.

You collected 33 gold pieces.

Inventory:

Hand Weapons
 a - a +0 falchion (weapon)
Scrolls
 l - 2 scrolls of identify {unknown}
 m - a scroll of magic mapping {unknown}
Potions
 d - a potion of heal wounds {unknown}
 e - a potion of degeneration {unknown}
 f - 2 potions of brilliance {unknown}
 h - a potion of berserk rage {unknown}
 i - a potion of lignification {unknown}
 j - a potion of might {unknown}
 k - a potion of curing {unknown}
Books
 b - a book of Battle

   Spells                             Type                      Level
   a - Infusion                       Charms                       1
   b - Shroud of Golubria             Charms/Translocation         2
   c - Song of Slaying                Charms                       2
   d - Spectral Weapon                Hexes/Charms                 3
   e - Regeneration                   Charms/Necromancy            3
Comestibles
 c - a bread ration
 g - 2 chunks of flesh


   Skills:
 - Level 2.1 Fighting
 + Level 2.6 Long Blades
 + Level 2.4 Dodging
 - Level 2.0 Spellcasting
 + Level 3.1 Charms


You had 2 spell levels left.
You knew the following spells:

 Your Spells              Type           Power        Failure   Level  Hunger
a - Infusion              Chrm           #...         7%          1    ##.....
b - Shroud of Golubria    Chrm/Tloc      #.........   21%         2    ###....


Dungeon Overview and Level Annotations

Branches:
Dungeon (2/15)

Altars:


Innate Abilities, Weirdness & Mutations

Your plain brown scales are hard. (AC +4)
You cannot fit into any form of body armour.
You are cold-blooded and may be slowed by cold attacks.


Message History

The adder poisons you!
You closely miss the adder.
The adder is heavily wounded.
The adder bites you but does no damage.
You closely miss the adder. You tail-slap the adder.
The adder is severely wounded.
The adder bites you.
* * * LOW HITPOINT WARNING * * *
The adder bites you but does no damage.
You miss the adder.
The adder is severely wounded.
You are no longer magically infusing your attacks.
* * * LOW HITPOINT WARNING * * *
You feel sick. The adder bites you.
* * * LOW HITPOINT WARNING * * *
You are more poisoned.
The adder poisons you!
You hit the adder but do no damage.
The adder is severely wounded.
You die...

.. .. #.### ..#
#.##... ...
.....# #.#
...#....# #.#
#.#....# #.#
#[.....# #.#
#..S...#
#.####### #@..#
#.#.....#
#...###.#.###.#
#.........# #.#
#..####.#####.#
#.............#
#....#..#######
#....#..#
#<.#.#..###
#..#......#


You could see an adder.

Vanquished Creatures
  An adder (D:1)
  A dart slug (D:1)
  2 goblins (D:1)
  A hobgoblin (D:2)
  2 kobolds
  2 frilled lizards (D:1)
  5 rats (D:1)
14 creatures vanquished.

Notes
Turn   | Place    | Note
-------+----------+-------------------------------------------
     0 | D:1      | Mesmaeker13 the Draconian Skald began the quest for the Orb.
     0 | D:1      | Reached XP level 1. HP: 17/17 MP: 3/3
   629 | D:1      | Reached skill level 3 in Charms
   629 | D:1      | Reached XP level 2. HP: 23/24 MP: 5/5
   999 | D:1      | Learned a level 2 spell: Shroud of Golubria
  1072 | D:2      | HP: 1/24 [adder (4)]
  1073 | D:2      | Succumbed to an adder's poison

Skill      XL: |  1 |
---------------+----+-----
Charms         | 3 |  3.1
Fighting       | |  2.1
Long Blades    | |  2.6
Dodging        | |  2.4
Spellcasting   | |  2.0

Action                   || total
-------------------------++-------
Melee: Falchion          ||    57
       Tailslap          ||     7
 Cast: Infusion          ||     5
       Shroud of Golubri ||     1
  Eat: Chunk             ||     1
Armor: Skin              ||    11
Dodge: Dodged            ||    39
       Rpst.: Falchion   ||    12
